 Dungeon Crawl Stone Soup version 0.19-a0-994-g3c636f0 (webtiles) character file.

107 Bastard the Insei (level 4, -2/23 HPs)
             Began as a Vine Stalker Monk on July 15, 2016.
             Killed by divine providence
             ... invoked by an orc priest
              (11 damage)
             ... on level 3 of the Dungeon.
             The game lasted 00:06:11 (1526 turns).

Bastard the Insei (Vine Stalker Monk)               Turns: 1526, Time: 00:06:12

Health: -2/23      AC:  2    Str: 14    XL:     4   Next: 86%
Magic:  0/5        EV: 13    Int: 10    God:
Gold:   116        SH:  0    Dex: 17    Spells: 0 memorised, 3 levels left

rFire  . . .     SeeInvis .       - Unarmed
rCold  . . .     Gourm    .     a - +0 robe
rNeg   . . .     Faith    .     (no shield)
rPois  .         Spirit   +     (no helmet)
rElec  .         Dismiss  .     (no cloak)
rCorr  .         Reflect  .     (no gloves)
SustAt .         Harm     .     (no boots)
MR     .....                    (no amulet)
Stlth  ++........               (no ring)
                                (no ring)

@: not resistant to hostile enchantments, unstealthy
A: fangs 2, regeneration 1, magic shield, antimagic bite, no device heal 3, rot
immunity
a: no special abilities


You were on level 3 of the Dungeon.
You were not hungry.

You visited 1 branch of the dungeon, and saw 3 of its levels.

You collected 116 gold pieces.

Inventory:

Missiles
 e - 96 stones (quivered)
Armour
 a - a +0 robe (worn)
Scrolls
 c - a scroll of magic mapping
 h - a scroll of identify {unknown}
 j - 2 scrolls of fog
 l - a scroll of remove curse
Potions
 f - a potion of degeneration {unknown}
 k - 4 potions of curing {unknown}
Comestibles
 b - a bread ration
 d - 3 meat rations
 g - a slice of pizza
 i - a chunk of flesh


   Skills:
 - Level 2.6 Fighting
 - Level 2.4 Dodging
 - Level 2.4 Stealth
 + Level 5.4 Unarmed Combat


You had 3 spell levels left.
You didn't know any spells.

Dungeon Overview and Level Annotations

Branches:
Dungeon (3/15)

Altars:
Pakellas

Annotations:
D:1 exclusion: gnoll


Innate Abilities, Weirdness & Mutations

You have extremely sharp teeth.
Your natural rate of healing is unusually fast.
When hurt, damage is shared between your health and your magic reserves.
Your bite disrupts and absorbs the magic of your enemies.
Potions and wands cannot restore your health.
You are immune to rotting.


Message History

You hit the goblin.
You kill the goblin!
An orc priest comes into view. It is wielding a flail.
The orc priest shouts!
The orc shouts!
You hit the orc.
The orc is moderately wounded.
The orc misses you.
You hit the orc. You bite the orc, but do no damage.
The orc is heavily wounded.
The orc priest calls upon Beogh to heal the orc.
The orc's wounds heal themselves!
The orc hits you but does no damage. The orc closely misses you.
A hobgoblin comes into view.
The orc priest invokes the aid of Beogh against you.
Pain shoots through your body!
The hobgoblin shouts!
The orc priest mumbles some strange prayers to Beogh against you.
Beogh smites you!
You die...

#......# #'#....
#.#.##.# ##.......
#....#.# ##........#
#......# ##....o..#.#
####......###.......g..#
............'...o.......
##........###.oo.......#
#........# ##.......#
###...#### ##.@...##
#...# ##..<## ##.##
##'## #.# .# #.# .# ..
.# .. ..


You could see an orc priest, 3 orcs and a hobgoblin.

Vanquished Creatures
  An orc priest (D:3)
  2 adders (D:3)
  2 oozes (D:1)
  An adder zombie (D:1)
  2 dart slugs
  2 giant geckos (D:1)
  3 orcs (D:3)
  6 bats
  A bat zombie (D:1)
  A giant cockroach (D:3)
  5 goblins
  3 hobgoblins
  3 kobolds
  A quokka (D:3)
  2 giant newts
  8 rats
43 creatures vanquished.

Notes
Turn   | Place    | Note
-------+----------+-------------------------------------------
     0 | D:1      | Bastard the Vine Stalker Monk began the quest for the Orb.
     0 | D:1      | Reached XP level 1. HP: 11/11 MP: 2/2
    80 | D:1      | Reached XP level 2. HP: 6/16 MP: 1/3
   284 | D:1      | Reached skill level 4 in Unarmed Combat
   371 | D:1      | Reached XP level 3. HP: 18/19 MP: 4/4
  1286 | D:3      | Reached skill level 5 in Unarmed Combat
  1286 | D:3      | Reached XP level 4. HP: 19/23 MP: 3/5
  1392 | D:3      | Found an oddly glowing altar of Pakellas.
  1526 | D:3      | Killed from afar by an orc priest

Vault maps used:
D:1:      saegor_arrival_fortress
D:3:      overflow_temple_1_default, first_bread, uniq_grinder

Skill      XL: |  1  2  3 |
---------------+----------+-----
Unarmed Combat | 4 5 |  5.4
Fighting       | |  2.6
Dodging        | |  2.4
Stealth        | |  2.4

Action                   |  1- 3 |  4- 6 || total
-------------------------+-------+-------++-------
Melee: Unarmed           |    77 |    31 ||   108
       Bite              |    19 |     6 ||    25
       Punch             |     1 |       ||     1
Throw: Stone             |     2 |       ||     2
  Use: Scroll            |     3 |       ||     3
 Stab: Sleeping          |     9 |     4 ||    13
  Eat: Chunk             |     1 |     1 ||     2
Armor: Robe              |     5 |     5 ||    10
       Ring mail         |     8 |       ||     8
Dodge: Dodged            |    44 |    18 ||    62
